 Dungeon Crawl Stone Soup version 0.30-a0-583-g19bae12e61 (webtiles) character file.

Game seed: 10833349188583013444

4843 Decipherer the Basher (level 10, -8/91 HPs)
             Began as a Minotaur Berserker on Jan 1, 2023.
             Was a Priest of Trog.
             Mangled by a komodo dragon (14 damage)
             ... on level 8 of the Dungeon.
             The game lasted 00:21:35 (7438 turns).

Decipherer the Basher (Minotaur Berserker)          Turns: 7438, Time: 00:21:35

Health: -8/91      AC:  7    Str: 24    XL:     10   Next: 25%
Magic:  18/18      EV: 10    Int:  4    God:    Trog [***...]
Gold:   504        SH: 12    Dex: 12    Spells: 9/9 levels left

rFire   . . .      SeeInvis .    B - +2 flail (protect)
rCold   . . .      Faith    .    a - +0 tower shield
rNeg    . . .      Spirit   .    (no body armour)
rPois   .          Reflect  .    c - +2 hat
rElec   .          Harm     .    z - +1 cloak
rCorr   .          Rampage  .    f - +2 pair of gloves
Will    .....                    (no boots)
Stlth   ++                       (no amulet)
HPRegen 0.35/turn                d - ring of magical power
MPRegen 0.16/turn                (no ring)

@: no status effects
A: horns 2, retaliatory headbutt
a: Renounce Religion, Berserk, Trog's Hand


You were on level 8 of the Dungeon.
You worshipped Trog.
Trog was most pleased with you.
You visited 1 branch of the dungeon, and saw 8 of its levels.

You collected 504 gold pieces.

Inventory:

Hand Weapons
 o - a +3 dire flail
 B - a +2 flail of protection (weapon)
Missiles
 k - 15 javelins
 p - 2 throwing nets
 E - 4 curare-tipped darts
Armour
 a - a +0 tower shield (worn)
 b - a +0 kite shield
 c - a +2 hat (worn)
 f - a +2 pair of gloves (worn)
 g - a +0 cloak
 i - a +3 chain mail of poison resistance
 s - a +0 buckler
 z - a +1 cloak (worn)
 A - the +0 leather armour "Rawipo Gamu" {Str+5 Stlth-}
   (You found it on level 5 of the Dungeon)

   Str:       It affects your strength (+5).
   Stlth:     It makes you less stealthy.
 C - +0 acid dragon scales
Jewellery
 d - a ring of magical power (left hand)
Wands
 h - a wand of flame (22)
 D - a wand of mindburst (18)
 F - a wand of charming (20)
Scrolls
 j - a scroll of magic mapping {unknown}
 l - 4 scrolls of fear
 m - 3 scrolls of identify {unknown}
 n - 2 scrolls of poison {unknown}
 q - 2 scrolls of torment {unknown}
 t - a scroll of enchant weapon {unknown}
 u - 2 scrolls of noise {unknown}
 v - 2 scrolls of vulnerability {unknown}
 w - a scroll of immolation {unknown}
 x - a scroll of teleportation {unknown}
 y - 2 scrolls of blinking {unknown}
Potions
 e - 3 potions of curing
 r - a potion of cancellation


   Skills:
 + Level 9.6 Fighting
 + Level 12.0 Maces & Flails
 + Level 8.0 Armour
 + Level 6.0 Dodging
 + Level 1.8 Stealth
 + Level 3.3 Shields


You had 9 spell levels left.
You didn't know any spells.
Your spell library contained the following spells:

 Spells                   Type           Power      Damage    Failure   Level
 Magic Dart               Conj           0%         1d3       100%        1
 Blink                    Tloc           0%         N/A       100%        2
 Call Imp                 Summ           0%         N/A       100%        2
 Searing Ray              Conj           0%         2d4       100%        2
 Static Discharge         Conj/Air       0%         2-2/arc   100%        2
 Mephitic Cloud           Conj/Pois/Air  0%         N/A       100%        3
 Vhi's Electric Charge    Tloc/Air       0%         N/A       100%        3
 Fulminant Prism          Conj/Hex       0%         3d5       100%        4
 Manifold Assault         Tloc           0%         N/A       100%        4
 Arcjolt                  Conj/Air       0%         1d10      100%        5
 Lightning Bolt           Conj/Air       0%         1d11      100%        5
 Storm Form               Tmut/Air       0%         N/A       100%        7


Dungeon Overview and Level Annotations

Branches:
Dungeon (8/15)             Temple (0/1) D:7            Lair (0/5) D:8

Altars:
Ashenzari
Elyvilon
Kikubaaqudgha
Makhleb
Ru
Sif Muna
Trog
Uskayaw
Wu Jian
Xom
Zin

Shops:
D:2 *   D:3 (?(


Innate Abilities, Weirdness & Mutations

You have a pair of horns on your head.
You reflexively headbutt those who attack you in melee.


Message History

The wyvern bites you.
* * * LOW HITPOINT WARNING * * *
You barely miss the wyvern. Your headbutt misses the wyvern.
The wyvern is moderately wounded.
The wyvern bites you but does no damage.
You block the wyvern's attack.
You feel much better. You block the wyvern's attack.
You hit the wyvern.
The wyvern is moderately wounded.
The wyvern bites you! x2
* * * LOW HITPOINT WARNING * * *
As you read the scroll of fear, it crumbles to dust.
You assume a fearsome visage.
The komodo dragon looks frightened!
The wyvern looks frightened!
Okay, then.
You feel better.
You feel better.
Cornered, the komodo dragon turns to fight!
Things that are here:
+0 acid dragon scales; an acid dragon corpse
Okay, then.
You start removing your armour.
You continue taking off the +0 leather armour "Rawipo Gamu" {Str+5 Stlth-}. x3
The komodo dragon bites you!!
* * * LOW HITPOINT WARNING * * *
You continue taking off the +0 leather armour "Rawipo Gamu" {Str+5 Stlth-}.
The komodo dragon bites you but does no damage.
You finish taking off the +0 leather armour "Rawipo Gamu" {Str+5 Stlth-}.
You don't know any spells.
Aiming: Mindburst
Press: ? - help, Shift-Dir - straight line, f - komodo dragon
Aim: a komodo dragon (chance to affect: 47%)
The komodo dragon resists with some effort.
The komodo dragon bites you!
* * * LOW HITPOINT WARNING * * *
Aiming: Charm
Press: ? - help, Shift-Dir - straight line, f/p - komodo dragon
Aim: a komodo dragon (chance to affect: 31%)
The komodo dragon easily resists.
The komodo dragon bites you!
You die...

######. ## ## ##.
##..#### ###
.........####...
....#.....#..# ### #
.............####.######
#@...........##.##
#.....l###..†......###..
####..# #?#.###...†....
#>#. ###..#.##.#.### # #
##### ##### #


You could see a komodo dragon.

Vanquished Creatures
  Joseph (D:7)
  Maurice (D:8)
  A komodo dragon (D:8)
  2 wyverns (D:8)
  A basilisk (D:8)
  Eustachio (D:5)
  3 steam dragons
  A water moccasin (D:7)
  An acid dragon (D:8)
  3 ice beasts
  A sky beast (D:6)
  A black bear (D:4)
  An orc warrior (D:6)
  An ogre (D:3)
  3 centaurs
  2 phantoms
  3 necrophages
  11 wights
  A howler monkey (D:8)
  6 hounds
  A jelly (D:6)
  6 orc priests
  9 orc wizards
  3 iguanas
  10 gnolls (D:6)
  6 adders
  A white imp (D:6)
  3 worms
  3 dart slugs
  27 orcs
  4 ball pythons
  6 bats
  3 endoplasms
  7 giant cockroaches
  8 goblins
  3 hobgoblins
  13 jackals
  3 quokkas
  2 frilled lizards
  5 kobolds
  6 rats
174 creatures vanquished.

Notes
Turn   | Place    | Note
-------+----------+-------------------------------------------
     0 | D:1      | Decipherer the Minotaur Berserker began the quest for the
                  | Orb.
     0 | D:1      | Reached XP level 1. HP: 19/19 MP: 0/0
   114 | D:1      | Reached XP level 2. HP: 14/27 MP: 1/1
   383 | D:1      | Reached skill level 4 in Maces & Flails
   669 | D:1      | Found a faded altar of an unknown god.
   771 | D:2      | Reached XP level 3. HP: 33/34 MP: 2/2
   778 | D:2      | Noticed a phantom
   786 | D:2      | Killed a phantom
   787 | D:2      | Reached skill level 5 in Fighting
   787 | D:2      | Reached skill level 5 in Maces & Flails
   787 | D:2      | Reached XP level 4. HP: 42/42 MP: 3/3
   908 | D:2      | Reached ** piety under Trog
  1286 | D:2      | Found Bup Gub's Assorted Antiques.
  1382 | D:2      | Found a hide-covered altar of Uskayaw.
  1739 | D:3      | Found Gontess's Magic Scroll Shop.
  1763 | D:3      | Reached XP level 5. HP: 48/48 MP: 4/4
  1836 | D:3      | Found Seibiv's Weapon Boutique.
  1878 | D:3      | Found Heghawn's Weapon Shop.
  1884 | D:3      | Noticed an ogre
  1893 | D:3      | Killed an ogre
  1894 | D:3      | Reached skill level 6 in Maces & Flails
  1894 | D:3      | Reached XP level 6. HP: 56/56 MP: 5/5
  1977 | D:3      | Found a bloodstained altar of Trog.
  1980 | D:3      | Found a glowing silver altar of Zin.
  1984 | D:3      | Found a sacrificial altar of Ru.
  1984 | D:3      | Found a shimmering altar of Xom.
  1992 | D:3      | Found a broken altar of Ashenzari.
  2158 | D:3      | Found a white marble altar of Elyvilon.
  2284 | D:3      | Found a shimmering blue altar of Sif Muna.
  2452 | D:4      | Reached *** piety under Trog
  2512 | D:4      | Reached skill level 7 in Maces & Flails
  2577 | D:4      | Found an ancient bone altar of Kikubaaqudgha.
  2818 | D:4      | Reached XP level 7. HP: 62/62 MP: 6/6
  3249 | D:5      | Entered Level 5 of the Dungeon
  3292 | D:5      | Noticed Eustachio
  3681 | D:5      | Killed Eustachio
  3682 | D:5      | Reached skill level 8 in Maces & Flails
  3800 | D:5      | Identified the +0 leather armour "Rawipo Gamu" {Str+5
                  | Stlth-}
  3970 | D:5      | Reached skill level 5 in Armour
  3970 | D:5      | Reached XP level 8. HP: 71/71 MP: 7/7
  4641 | D:6      | Reached skill level 9 in Maces & Flails
  5248 | D:6      | Reached skill level 10 in Maces & Flails
  5858 | D:7      | Reached XP level 9. HP: 72/81 MP: 8/8
  5949 | D:7      | Found a staircase to the Ecumenical Temple.
  6130 | D:7      | Noticed Joseph
  6142 | D:7      | Killed Joseph
  6143 | D:7      | Reached skill level 1 in Stealth
  6249 | D:7      | Reached skill level 11 in Maces & Flails
  6699 | D:8      | Noticed Maurice
  6720 | D:8      | Killed Maurice
  6721 | D:8      | Reached skill level 5 in Dodging
  6787 | D:8      | Found an ornate altar of the Wu Jian Council.
  6868 | D:8      | Reached skill level 1 in Shields
  7074 | D:8      | Reached **** piety under Trog
  7075 | D:8      | Reached XP level 10. HP: 89/91 MP: 9/9
  7300 | D:8      | Found a burning altar of Makhleb.
  7303 | D:8      | Noticed a blizzard demon
  7412 | D:8      | Found a staircase to the Lair.
  7422 | D:8      | Reached skill level 12 in Maces & Flails
  7438 | D:8      | Mangled by a komodo dragon

Illustrated notes

Levels and vault maps discovered:
D:1:      saegor_arrival_simple_c, layout_rooms, nicolae_ecumenical_lake_church
D:2:      layout_basic, basic_altar, serial_shops, nicolae_lakefront_shop,
          kennysheep_generic_room_3
D:3:      layout_loops_cross, nicolae_overflow_hallway_of_the_gods,
          general_overflow_altar, marbit_many_paths, serial_shops,
          nicolae_diamond_shop, nicolae_shop_statue_plus,
          nicolae_shop_bloodbath_and_beyond
D:4:      layout_basic, amcnicky_altar_gilded, cheibrodos_sewer_entry_bend
D:5:      layout_basic, water_boxes_lemuel, uniq_eustachio
D:6:      layout_loops_corners
D:7:      layout_loops_cross, minmay_temple_entry_water_ring, sigmund_army,
          uniq_joseph
D:8:      layout_cave_pools, makhleb_altar_promises_db,
          mainiacjoe_overflow_tiny_flanked, erik_lair_dragon, uniq_maurice

Skill      XL: |  1  2  3  4  5  6  7  8  9 10 |
---------------+-------------------------------+-----
Fighting       | 4 5 6 7 9 |  9.6
Maces & Flails | 4 5 6 7 8 10 11 12 | 12.0
Armour         | 3 4 5 6 7 8 |  8.0
Dodging        | 3 4 5 6 |  6.0
Stealth        | 1 |  1.8
Shields        | 1 3 |  3.3

Action                   |  1- 3 |  4- 6 |  7- 9 | 10-12 || total
-------------------------+-------+-------+-------+-------++-------
Melee: Mace              |    58 |   145 |    89 |       ||   292
       Headbutt          |     9 |    20 |    43 |     8 ||    80
       Punch             |       |     1 |     3 |       ||     4
       Flail             |       |       |   127 |    43 ||   170
       Dire flail        |       |       |     3 |       ||     3
Invok: Berserk           |     1 |     2 |    13 |     1 ||    17
Evoke: Wand              |       |       |       |     2 ||     2
  Use: Scroll            |       |       |     4 |     1 ||     5
       Potion            |       |       |     9 |     3 ||    12
Armor: Animal skin       |     4 |       |       |       ||     4
       Chain mail        |    13 |    88 |    71 |       ||   172
       Leather armour    |     4 |       |    97 |    18 ||   119
Dodge: Dodged            |    30 |    83 |   135 |    13 ||   261
Block: Tower shield      |       |       |    36 |    23 ||    59

Table legend: (Time is in decaauts)
 A = Elapsed time spent in this place.
 B = Non-inter-level travel time spent in this place.
 C = Inter-level travel time spent in this place.
 D = Time resting spent in this place.
 E = Time spent auto-exploring this place.
 F = Levels seen in this place.
 G = Mean time per level.
                   A        B        C        D        E       F      G
               +--------+--------+--------+--------+--------+-----+--------+
         Total |   7658 |   7257 |    401 |      0 |   5790 |   8 |  957.2 |
       Dungeon |   7658 |   7257 |    401 |      0 |   5790 |   8 |  957.2 |
               +--------+--------+--------+--------+--------+-----+--------+

Top non-repeatable levels by time:
     D:5: 1340 daAuts
     D:6: 1157 daAuts
     D:7: 1154 daAuts
     D:2: 1056 daAuts
     D:4: 830 daAuts
     D:3: 719 daAuts
     D:1: 706 daAuts
     D:8: 694 daAuts
